 Dungeon Crawl Stone Soup version 0.15.2 (webtiles) character file.

233 HAWKINGL3623 the Chucker (level 6, -2/37 HPs)
             Began as a Gargoyle Hunter on Feb 5, 2016.
             Slain by a green rat (5 damage)
             ... summoned by Eustachio
             ... on Level 4 of the Dungeon on Feb 6, 2016.
             The game lasted 00:24:42 (4083 turns).

HAWKINGL3623 the Chucker (Gargoyle Hunter)          Turns: 4083, Time: 00:24:42

HP  -2/37        AC 13     Str 17      XL: 6   Next:  4%
MP   6/6         EV 15     Int 12      God:
Gold 191         SH  0     Dex 15      Spells:  0 memorised,  5 levels left

rFire  . . .     SeeInvis .     a - +1 short sword
rCold  . . .     Clarity  .     i - +3 ring mail
rNeg   + . .     rCorr    .     (no shield)
rPois  +         rRot     +     (no helmet)
rElec  +         Spirit   .     (no cloak)
SustAb .         Warding  .     j - +0 pair of gloves
rMut   .         Stasis   .     (no boots)
Gourm  .                        (no amulet)
MR     .....                    (no ring)
                                p - ring of teleport control

@: agile, not resistant to hostile enchantments, unstealthy
A: negative energy resistance 1, electricity resistance, unbreathing,
petrification resistance, rot immunity, AC +4
a: Evoke Teleport Control


You were on level 4 of the Dungeon.
You were not hungry.

You visited 1 branch of the dungeon, and saw 4 of its levels.

You collected 191 gold pieces.

Inventory:

Hand weapons
 a - a +1 short sword (weapon)
Missiles
 e - 35 stones (quivered)
Armour
 i - a +3 ring mail (worn)
 j - a +0 pair of gloves (worn)
Comestibles
 d - 3 fruits
 f - 4 bread rations
 h - 2 beef jerkies
 m - a meat ration
Scrolls
 l - a scroll of remove curse
Jewellery
 p - a ring of teleport control (left hand)


   Skills:
 + Level 3.2 Fighting
 + Level 1.8 Short Blades
 + Level 5.6 Throwing
 + Level 1.8 Armour
 + Level 2.3 Dodging
 + Level 1.2 Stealth


You had 5 spell levels left.
You didn't know any spells.

Dungeon Overview and Level Annotations

Branches:
Dungeon (4/15)
 Temple: D:4-7

Altars:
Dithmenos
Nemelex Xobeh
Okawaru
Sif Muna

Annotations:
D:4 Eustachio


Innate Abilities, Weirdness & Mutations

You are resistant to torment.
You are immune to poison.
Your stone body is very resilient (AC +4).
You resist negative energy.
You are resistant to electric shocks.
You can survive without breathing.
You are immune to petrification.
You are immune to rotting.


Message History

The green rat closely misses you.
Throwing (i - inventory):
e - 36 stones (quivered)
Press: ? - help, Shift-Dir - straight line, f/p - Eustachio
Aim: Eustachio, wielding a cutlass and wearing a leather armour (severely wounded)
You throw a stone. The stone completely misses Eustachio.
Eustachio hits you but does no damage.
You completely miss Eustachio.
Eustachio is severely wounded.
The green rat bites you.
* * * LOW HITPOINT WARNING * * *
You closely miss Eustachio.
Eustachio is severely wounded.
The green rat misses you.
Eustachio casts a spell.
Eustachio blinks!
The green rat twitches its whiskers.
You hit Eustachio but do no damage.
Eustachio is severely wounded.
Eustachio hits you but does no damage. The green rat bites you.
You die...

#..#####.####...# #.#.## #.#
#..#####.# ##.## #.b#b## #.#
#........# #.## #.###.# #..
#+######## #..# ##.#.## ### ...##
##.# ##.## # ....## ### #.# #.##
## .....## ##.###.# #..## ##.
......####(..##(########...####..
.[....'.(.....(@@rrr5b..(<....+..
......####...##.######..(..####..
.....## ##.###.# #.##.## ##.
....## ### #.# #.#### ## ...##
#.# #.# # #'## #.# #.# #.# #.#
#.# #.## ..# #.# ...# ### #.#


You could see Eustachio, a quasit, 3 green rats and a bat.

Vanquished Creatures
  An ogre (D:3)
  6 gnolls
  2 adders
  4 green rats (D:4)
  2 white imps (D:4)
  2 worms (D:2)
  An ufetubus (D:4)
  3 giant geckos
  An ooze (D:2)
  2 giant cockroaches (D:3)
  10 hobgoblins
  14 kobolds
  7 bats
  4 giant newts (D:2)
  6 goblins
  A kobold skeleton (D:4)
  4 quokkas
  12 rats
82 creatures vanquished.

Notes
Turn   | Place    | Note
--------------------------------------------------------------
     0 | D:1      | HAWKINGL3623, the Gargoyle Hunter, began the quest for the Orb.
     0 | D:1      | Reached XP level 1. HP: 12/12 MP: 1/1
   106 | D:1      | Reached XP level 2. HP: 17/17 MP: 2/2
   169 | D:1      | Found a sparkling altar of Nemelex Xobeh.
  1256 | D:2      | Reached skill level 1 in Short Blades
  1256 | D:2      | Reached XP level 3. HP: 12/22 MP: 3/3
  1401 | D:2      | Found an iron altar of Okawaru.
  1495 | D:2      | Found a shadowy altar of Dithmenos.
  1495 | D:2      | Found a deep blue altar of Sif Muna.
  1680 | D:2      | Reached XP level 4. HP: 13/27 MP: 4/4
  1902 | D:2      | Reached skill level 5 in Throwing
  2192 | D:3      | Reached skill level 1 in Armour
  2522 | D:3      | Noticed an ogre
  2582 | D:3      | Killed an ogre
  2582 | D:3      | Reached XP level 5. HP: 21/32 MP: 5/5
  3062 | D:3      | Reached XP level 6. HP: 17/37 MP: 6/6
  3562 | D:4      | Noticed Eustachio
  4083 | D:4      | Slain by a green rat

Action                   |  1- 3 |  4- 6 || total
-------------------------+-------+-------++-------
Melee: Short sword       |   103 |   217 ||   320
Throw: Javelin           |    51 |    36 ||    87
       Stone             |     4 |    62 ||    66
       Throwing net      |     6 |     2 ||     8
 Abil: Evoke Teleport Co |       |     1 ||     1
  Use: Potion            |     3 |    12 ||    15
       Scroll            |     4 |    11 ||    15
  Eat: Chunk             |     1 |     3 ||     4
       Pizza             |     1 |       ||     1
       Fruit             |       |     1 ||     1
       Meat ration       |       |     1 ||     1
       Royal jelly       |       |     1 ||     1
